 Dungeon Crawl Stone Soup version 0.31-a0-1388-g4b2ba238e7 (webtiles) character file.

Game seed: 11594881292534290080

23 Bobodoro the Grave Robber (level 3, -4/7 HPs)
             Began as a Human Necromancer on Dec 25, 2023.
             Killed by divine providence
             ... invoked by an orc priest
              (11 damage)
             ... on level 2 of the Dungeon.
             The game lasted 00:14:46 (1112 turns).

Bobodoro the Grave Robber (Human Necromancer)       Turns: 1112, Time: 00:14:46

HP:   -4/7 (7)      AC:  0    Str:  8    XL:     3   Next: 0%
MP:   2/6           EV: 16    Int: 17    God:
Gold: 23            SH:  0    Dex: 13    Spells: 5/6 levels left

rFire   . . .        (weapon currently unavailable)
rCold   . . .        (shield currently unavailable)
rNeg    . . .        a - melded +0 robe
rPois   .            (no helmet)
rElec   .            (no cloak)
rCorr   .            (no gloves)
SInv    .            (no boots)
Will    .....        (no amulet)
Stlth   +            (no ring)
HPRegen 0.21/turn    (no ring)
MPRegen 0.10/turn

%: no passive effects
@: flux-form, glowing, lightly drained
A: glow, contaminating, reduced hp, explore regen
a: Begin Untransformation


You were on level 2 of the Dungeon.
You were something dangerously unstable.
You visited 1 branch of the dungeon, and saw 2 of its levels.

You collected 23 gold pieces.

Inventory:

Armour
 a - a +0 robe (melded)
Talismans
 f - a flux talisman (active)
Potions
 b - 2 potions of magic
 c - a potion of cancellation {unknown}
 d - a potion of might {unknown}
 e - a potion of curing {unknown}


   Skills:
 - Level 0.4 Fighting
 + Level 2.0 Dodging
 + Level 2.0 Stealth
 - Level 0.3 Unarmed Combat
 * Level 2.1 Spellcasting
 + Level 4.6 Necromancy


You had 5 spell levels left.
You knew the following spells:

 Your Spells              Type           Power      Damage    Failure   Level
a - Necrotise             Necr           68%        1d7       2%          1

Your spell library contained the following spells:

 Spells                   Type           Power      Damage    Failure   Level
 Vampiric Draining        Necr           17%        2d7       9%          3
 Animate Dead             Necr           17%        N/A       28%         4
 Agony                    Necr           17%        N/A       61%         5


Dungeon Overview and Level Annotations

Branches:
Dungeon (2/15)

Altars:


Innate Abilities, Weirdness & Mutations

You are something dangerously unstable.
You glow with magical radiation, making you easy to see and hit.
Foes you strike become dangerously contaminated with magical radiation.
Your maximum health is decreased, since you lack skill for your form.
You are incapable of wielding weapons or throwing items.
You regain HP and MP as you explore.


Message History

Aiming: Necrotise (safe; 2% risk of failure)
Press: ? - help, Shift-Dir - straight line, f - orc priest
Aim: an orc priest, wielding a +0 falchion and wearing a +0 leather armour (chance to affect: 75%)
The orc priest struggles to resist.
Casting: Necrotise (safe; 2% risk of failure)
Confirm with . or Enter, or press ? or * to list all spells.
Aiming: Necrotise (safe; 2% risk of failure)
Press: ? - help, Shift-Dir - straight line, f/p - orc priest
Aim: an orc priest, wielding a +0 falchion and wearing a +0 leather armour (chance to affect: 75%)
The orc priest writhes in agony.
An orc comes into view. It is wielding a +0 trident.
Casting: Necrotise (safe; 2% risk of failure)
Confirm with . or Enter, or press ? or * to list all spells.
Aiming: Necrotise (safe; 2% risk of failure)
Press: ? - help, Shift-Dir - straight line, f/p - orc priest
Aim: an orc priest, wielding a +0 falchion and wearing a +0 leather armour (moderately wounded, chance to affect: 75%)
The orc priest struggles to resist.
Casting: Necrotise (safe; 2% risk of failure)
Confirm with . or Enter, or press ? or * to list all spells.
Aiming: Necrotise (safe; 2% risk of failure)
Press: ? - help, Shift-Dir - straight line, f/p - orc priest
Aim: an orc priest, wielding a +0 falchion and wearing a +0 leather armour (moderately wounded, chance to affect: 75%)
The orc priest writhes in agony.
The orc priest closely misses you.
There are monsters nearby!
The orc priest miscasts a cantrip.
You begin transforming.
You continue transforming.
The orc priest hits you with a +0 falchion.
The orc misses you. The orc hits you but does no damage.
You continue transforming.
The orc hits you but does no damage. The orc barely misses you.
You continue transforming.
The orc priest invokes the aid of Beogh against you.
Pain shoots through your body! The orc hits you with a +0 mace.
The orc hits you but does no damage.
You turn into something dangerously unstable.
Your +0 robe melds into your body.
The orc priest invokes the aid of Beogh against you.
Beogh smites you!
Ouch! That really hurt!
You die...

#.# #.# ## #.# .. #.#
##+## .# #.# ##...## .# #
#.## ##.....## .###.##
.#.# ##.....<.## .......
...####.........##.....#.
......'.........p.o...o..
................##o......
########.......## oo...#.
#......## ....## #.....##
.#.## # #..#'## .... #
#.##.# ##.## # #.##.# #.#
# #.##.## #.#


You could see an orc priest and 3 orcs.

Vanquished Creatures
  A dart slug (D:1)
  4 ball pythons
  2 endoplasms (D:1)
  A giant cockroach (D:1)
  A goblin (D:2)
  A hobgoblin (D:1)
  2 bats (D:1)
  A frilled lizard (D:2)
  2 kobolds (D:1)
15 creatures vanquished.

Vanquished Creatures (collateral kills)
  A dart slug (D:1)
  A goblin (D:1)
  A frilled lizard (D:1)
  A rat (D:1)
4 creatures vanquished.

Grand Total: 19 creatures vanquished

Notes
Turn   | Place    | Note
-------+----------+-------------------------------------------
     0 | D:1      | Bobodoro the Human Necromancer began the quest for the Orb.
     0 | D:1      | Reached XP level 1. HP: 13/13 MP: 3/3
   254 | D:1      | Reached XP level 2. HP: 7/20 MP: 3/5
   516 | D:1      | You fall into a shaft and drop 1 floor!
   875 | D:1      | Found a faded altar of an unknown god.
  1006 | D:2      | Reached XP level 3. HP: 20/24 MP: 1/6
  1112 | D:2      | Killed from afar by an orc priest

Illustrated notes

Levels and vault maps discovered:
D:1:      psy_arrival_spokes, layout_loops_ring,
          shapermc_ecumenical_altar_mp_highgroup
D:2:      layout_loops_corners, basic_altar, palyth_stone_intersect,
          minivault_5, chequers_serial_rivers_small_3,
          minmay_large_rounded_square, minmay_goblin_outpost, uniq_terence

Action                     || total
---------------------------++-------
  Melee: Unarmed           ||    10
   Cast: Necrotise         ||    32
 Armour: Robe              ||    17
  Dodge: Dodged            ||    23
   Form: Flux              ||     1

Table legend: (Time is in decaauts)
 A = Elapsed time spent in this place.
 B = Non-inter-level travel time spent in this place.
 C = Inter-level travel time spent in this place.
 D = Time resting spent in this place.
 E = Time spent auto-exploring this place.
 F = Levels seen in this place.
 G = Mean time per level.
                   A        B        C        D        E       F      G
               +--------+--------+--------+--------+--------+-----+--------+
         Total |   1112 |    806 |    306 |      9 |    639 |   2 |  556.0 |
       Dungeon |   1112 |    806 |    306 |      9 |    639 |   2 |  556.0 |
               +--------+--------+--------+--------+--------+-----+--------+

Top non-repeatable levels by time:
     D:1: 929 daAuts
     D:2: 182 daAuts
